 Dungeon Crawl Stone Soup version 0.19.0-16-g73b5abf (webtiles) character file.

86 Chiseanne the Magician (level 4, 0/30 HPs)
             Began as a Demonspawn Wizard on Nov 10, 2016.
             Was an Initiate of Sif Muna.
             Slain by a worker ant (2 damage)
             ... on level 3 of the Dungeon.
             The game lasted 00:04:22 (2054 turns).

Chiseanne the Magician (Demonspawn Wizard)          Turns: 2054, Time: 00:04:22

Health: 0/30       AC:  3    Str:  8    XL:     4   Next: 26%
Magic:  0/10       EV: 12    Int: 20    God:    Sif Muna [......]
Gold:   131        SH:  0    Dex: 11    Spells: 4 memorised, 2 levels left

rFire  . . .     SeeInvis .     v - +0 short sword
rCold  . . .     Gourm    .     a - +0 robe
rNeg   . . .     Faith    .     (no shield)
rPois  .         Spirit   .     b - +0 hat
rElec  .         Reflect  .     g - +0 cloak
rCorr  .         Harm     .     (no gloves)
MR     .....                    (no boots)
Stlth  ++........               (no amulet)
                                (no ring)
                                (no ring)

@: lethally poisoned (0 -> -12)
A: rot immunity
a: Renounce Religion


You were on level 3 of the Dungeon.
You worshipped Sif Muna.
Sif Muna was noncommittal.
You were not hungry.

You visited 1 branch of the dungeon, and saw 3 of its levels.

You collected 131 gold pieces.

Inventory:

Hand Weapons
 v - a +0 short sword (weapon)
Missiles
 i - 23 stones (quivered)
 j - 7 curare-tipped needles
 m - 28 sling bullets
 r - 57 arrows
Armour
 a - a +0 robe (worn)
 b - a +0 hat (worn)
 g - a +0 cloak (worn)
Scrolls
 c - 2 scrolls of remove curse
Potions
 e - a potion of flight {unknown}
 l - 4 potions of brilliance
 n - a potion of cancellation
 o - a potion of curing {unknown}
 p - a potion of might
Comestibles
 d - 2 bread rations
 f - a beef jerky
 h - 3 meat rations
 k - 4 chunks of flesh
 u - a slice of pizza


   Skills:
 - Level 1.7 Dodging
 - Level 1.7 Stealth
 * Level 4.1 Spellcasting
 * Level 2.8 Conjurations
   Level 1.0 Summonings
 - Level 0.8 Translocations


You had 2 spell levels left.
You knew the following spells:

 Your Spells              Type           Power        Failure   Level  Hunger
a - Magic Dart            Conj           ###.         4%          1    None
b - Mephitic Cloud        Conj/Pois/Air  #.......     30%         3    ###....
c - Conjure Flame         Conj/Fire      #.......     24%         3    ###....
d - Blink                 Tloc           N/A          17%         2    #......


Dungeon Overview and Level Annotations

Branches:
Dungeon (3/15)

Altars:
Dithmenos
Hepliaklqana
Sif Muna

Annotations:
D:1 exclusion: downstairs
D:3 exclusion: upstairs


Innate Abilities, Weirdness & Mutations

You are immune to rotting.


Message History

You feel sick. The worker ant bites you.
Casting: Magic Dart
Confirm with . or Enter, or press ? or * to list all spells.
Aiming: Magic Dart
Press: ? - help, Shift-Dir - straight line, f/p - worker ant
Aim: a worker ant (heavily wounded)
The magic dart hits the worker ant.
The worker ant is heavily wounded.
You feel sick. The worker ant bites you!
* * * LOW HITPOINT WARNING * * *
Casting: Magic Dart
Confirm with . or Enter, or press ? or * to list all spells.
Aiming: Magic Dart
Press: ? - help, Shift-Dir - straight line, f/p - worker ant
Aim: a worker ant (heavily wounded)
The magic dart hits the worker ant.
The worker ant is heavily wounded.
* * * LOW HITPOINT WARNING * * *
You feel sick. The worker ant bites you.
You die...

≈≈+...# #≈≈...#
≈≈...# ..≈ ....#
.. ...# ###..
..## .... ##..##
#..# #.@a.# #
###..##.##.....#
#.........##....
#.###'###.# #..
# #.# .# #
#..###.### #
#..###_..+
#..###.### . #..
#.# .#


You could see a worker ant.

Vanquished Creatures
  Natasha (D:2)
  2 oozes (D:1)
  A dart slug (D:1)
  3 leopard geckos (D:1)
  2 ball pythons
  9 bats
  4 hobgoblins
  3 jackals (D:2)
  4 kobolds
  2 quokkas (D:2)
  3 frilled lizards
  4 goblins
  6 rats
44 creatures vanquished.

Notes
Turn   | Place    | Note
-------+----------+-------------------------------------------
     0 | D:1      | Chiseanne the Demonspawn Wizard began the quest for the Orb.
     0 | D:1      | Reached XP level 1. HP: 13/13 MP: 4/4
    99 | D:1      | Gained mutation: You are immune to rotting. [demonic ancestry]
    99 | D:1      | Reached XP level 2. HP: 13/19 MP: 0/6
   670 | D:1      | Reached XP level 3. HP: 20/24 MP: 0/8
  1249 | D:2      | Learned a level 3 spell: Mephitic Cloud
  1253 | D:2      | Learned a level 3 spell: Conjure Flame
  1256 | D:2      | Learned a level 2 spell: Blink
  1902 | D:2      | Noticed Natasha
  1915 | D:2      | Killed Natasha
  1915 | D:2      | Reached skill level 4 in Spellcasting
  1915 | D:2      | Reached XP level 4. HP: 28/30 MP: 7/10
  1922 | D:2      | Found a shadowy altar of Dithmenos.
  2002 | D:3      | Found a hazy altar of Hepliaklqana.
  2017 | D:3      | Found a deep blue altar of Sif Muna.
  2036 | D:3      | Became a worshipper of Sif Muna the Loreminder
  2054 | D:3      | Slain by a worker ant

Skill      XL: |  1  2  3 |
---------------+----------+-----
Conjurations   | 2 |  2.8
Spellcasting   | 4 |  4.1
Dodging        | |  1.7
Stealth        | |  1.7
Summonings     | |  1.0
Translocations | |  0.8

Action                   |  1- 3 |  4- 6 || total
-------------------------+-------+-------++-------
Melee: Unarmed           |     6 |       ||     6
       Club              |     8 |       ||     8
       Short sword       |    15 |       ||    15
 Cast: Magic Dart        |    82 |    16 ||    98
       Mephitic Cloud    |     1 |       ||     1
  Use: Scroll            |     8 |       ||     8
       Potion            |     2 |       ||     2
  Eat: Chunk             |     3 |     1 ||     4
Armor: Robe              |    10 |       ||    10
Dodge: Dodged            |    41 |     3 ||    44
